 Dungeon Crawl Stone Soup version 0.30-a0-782-ge64f9170bb (webtiles) character file.

Game seed: 3684276862289840012

4965 funkygono the Arsonist (level 10, -3/64 HPs)
             Began as a Demonspawn Fire Elementalist on Mar 11, 2023.
             Was a Priest of Sif Muna.
             Slain by an orc warlord
             ... wielding a +7 broad axe
              (27 damage)
             ... in a bailey.
             The game lasted 00:14:02 (9333 turns).

funkygono the Arsonist (DsFE)                       Turns: 9333, Time: 00:14:03

Health: -3/64      AC:  9    Str: 10    XL:     10   Next: 28%
Magic:  8/23       EV: 12    Int: 26    God:    Sif Muna [***...]
Gold:   405        SH:  0    Dex: 13    Spells: 12/27 levels left

rFire   . . .      SeeInvis .    i - +4 scimitar (freeze)
rCold   . . .      Faith    .    (no shield)
rNeg    . . .      Spirit   .    a - +0 robe
rPois   .          Reflect  .    g - +1 hat
rElec   .          Harm     .    u - +1 cloak
rCorr   .          Rampage  .    D - +0 pair of gloves
Will    .....                    (no boots)
Stlth   ++                       (no amulet)
HPRegen 0.30/turn                f - +6 ring of intelligence
MPRegen 0.18/turn                E - ring of wizardry

@: no status effects
A: horns 2, yellow scales 2, spiny 1, demonic magic 3
a: Renounce Religion, Channel Magic, Forget Spell


You were in a bailey.
You worshipped Sif Muna.
Sif Muna was most pleased with you.
You visited 1 branch of the dungeon, and saw 8 of its levels.
You also visited: Bailey.

You collected 522 gold pieces.
You spent 117 gold pieces at shops.

Inventory:

Hand Weapons
 h - a +0 whip of freezing
 i - a +4 scimitar of freezing (weapon)
 j - a +0 dagger of draining
 t - a +1 long sword
 A - a +2 quarterstaff of chaos
 B - a +1 long sword of pain
Armour
 a - a +0 robe (worn)
 g - a +1 hat (worn)
 p - a +3 leather armour of positive energy
 u - a +1 cloak (worn)
 y - a +0 leather armour of poison resistance
 C - +0 swamp dragon scales
 D - a +0 pair of gloves (worn)
Magical Staves
 v - a staff of conjuration
Jewellery
 d - a ring of ice
 f - a +6 ring of intelligence (left hand)
 E - a ring of wizardry (right hand)
Wands
 x - a wand of flame (2)
Scrolls
 c - 5 scrolls of teleportation
 l - 7 scrolls of fear
 s - a scroll of butterflies
 F - a scroll of enchant weapon
Potions
 b - a potion of magic
 e - 3 potions of brilliance
 k - a potion of invisibility {unknown}
 m - 2 potions of attraction {unknown}
 n - 4 potions of curing
 o - 3 potions of might
 q - 4 potions of heal wounds
 r - 2 potions of lignification
 w - a potion of ambrosia {unknown}
 z - a potion of cancellation {unknown}
 G - a potion of berserk rage {unknown}
 H - a potion of experience


   Skills:
 + Level 0.5 Fighting
 + Level 2.2 Long Blades
 + Level 2.6 Dodging
 - Level 1.7 Stealth
 + Level 9.1 Spellcasting
 + Level 5.6 Conjurations
 + Level 0.1 Translocations
 + Level 9.3 Fire Magic
 + Level 0.1 Air Magic
 + Level 0.4 Invocations


You had 12 spell levels left.
You knew the following spells:

 Your Spells              Type           Power      Damage    Failure   Level
a - Foxfire               Conj/Fire      100%       2x1d9     1%          1
b - Scorch                Fire           100%       2d10      1%          2
c - Kindle Blastsparks    Fire/Tloc/Air  56%        2d14      1%          3
d - Flame Wave            Conj/Fire      50%        2d12      1%          4
e - Searing Ray           Conj           80%        2d7       1%          2
f - Stone Arrow           Conj/Erth      52%        3d10      1%          3

Your spell library contained the following spells:

 Spells                   Type           Power      Damage    Failure   Level
 Beastly Appendage        Tmut           22%        N/A       1%          1
 Freeze                   Ice            44%        1d6       1%          1
 Magic Dart               Conj           100%       1d8       1%          1
 Necrotise                Necr           44%        1d6       1%          1
 Sandblast                Erth           22%        2d7       1%          1
 Dazzling Flash           Conj/Hex       52%        N/A       1%          3
 Hailstorm                Conj/Ice       26%        3d7       1%          3
 Inner Flame              Hex/Fire       36%        N/A       1%          3
 Passwall                 Tmut/Erth      9%         N/A       3%          2
 Sublimation of Blood     Necr           11%        N/A       3%          2
 Wereblood                Tmut           11%        N/A       3%          2
 Frozen Ramparts          Ice            22%        1d4       6%          3
 Spider Form              Tmut/Pois      11%        N/A       6%          3
 Vampiric Draining        Necr           11%        2d6       6%          3
 Fulminant Prism          Conj/Hex       13%        3d9       6%          4
 Agony                    Necr           11%        N/A       45%         5
 Silence                  Hex/Air        6%         N/A       45%         5
 Summon Hydra             Summ           5%         N/A       100%        7


Dungeon Overview and Level Annotations

Branches:
Dungeon (8/15)             Temple (0/1) D:6          Bailey (1/1)
   Lair: D:8-11

Altars:
Cheibriados
Gozag
Okawaru
Sif Muna

Shops:
D:6 [   D:8 !


Innate Abilities, Weirdness & Mutations

You have a pair of horns on your head.
You are mostly covered in yellow scales. (AC +3)
You are partially covered in sharp spines.
Spells you cast and wands you use may paralyse nearby enemies.


Message History

Malevolent energies surge around you.
The orc warlord is no longer paralysed.
The orc warlord hits you with a +7 broad axe!
You barely miss the orc warlord.
The orc warlord is heavily wounded.
The orc warlord hits you with a +7 broad axe.
Casting: Scorch (safe; 1% risk of failure)
Confirm with . or Enter, or press ? or * to list all spells.
Flames lash the orc warlord.
The orc warlord is burned terribly!
The orc warlord is heavily wounded.
Malevolent energies surge around you.
The orc warlord hits you with a +7 broad axe.
Casting: Scorch (safe; 1% risk of failure)
Confirm with . or Enter, or press ? or * to list all spells.
Flames lash the orc warlord.
The orc warlord is burned terribly!
The orc warlord is heavily wounded.
Malevolent energies surge around you. The orc warlord barely misses you.
Casting: Scorch (safe; 1% risk of failure)
Confirm with . or Enter, or press ? or * to list all spells.
Flames lash the orc warlord.
The orc warlord is burned terribly!
The orc warlord is severely wounded.
Malevolent energies surge around you. The orc warlord closely misses you.
Casting: Scorch (safe; 1% risk of failure)
Confirm with . or Enter, or press ? or * to list all spells.
Flames lash the orc warlord but do no damage.
Malevolent energies surge around you.
The orc warlord hits you with a +7 broad axe!!
Casting: Scorch (safe; 1% risk of failure)
Confirm with . or Enter, or press ? or * to list all spells.
Flames lash the orc warlord.
The orc warlord is burned terribly!
The orc warlord is severely wounded.
Malevolent energies surge around you.
The orc warlord is struck by your spines.
The orc warlord barely misses you.
Casting: Scorch (safe; 1% risk of failure)
Confirm with . or Enter, or press ? or * to list all spells.
Flames lash the orc warlord.
The orc warlord is almost dead.
Malevolent energies surge around you.
The orc warlord hits you with a +7 broad axe!!
You die...

....# .##8........?!
....# .#8..........
....# '.....⌠....∩
....# 8o......... ....#
.........? ...### ###
.)......# .###.###
###.###)....#
'#.....### ###.....#'#
.))......###....@o...##
)).)))....#.....)..)).#
).)).)....#.........).#
...)⌠)....#.))..⌠.....#
..........'......)....#
..........#.....).....#
.........###...).....##
##.....### ###.....###
###.## ###.###


You could see an orc warlord (combustible).

Vanquished Creatures
  Pikel (D:5)
  Maggie (D:6)
  Prince Ribbit (D:6)
  A hornet (D:8)
  Sigmund (D:3)
  A wyvern (D:8)
  Eustachio (D:5)
  Edmund (D:6)
  2 water moccasins (D:7)
  2 ice beasts (D:7)
  3 black bears
  8 orc warriors
  2 ogres (D:5)
  A centaur (D:6)
  2 phantoms
  A kobold brigand (D:7)
  Blork the orc (D:5)
  A gnoll sergeant (D:8)
  2 necrophages
  3 scorpions
  3 howler monkeys
  4 hounds
  3 jellies
  Crazy Yiuf (D:3)
  4 orc priests
  3 orc wizards
  3 iguanas
  Ijyb (D:3)
  6 adders
  12 gnolls
  A white imp (D:7)
  A worm (D:2)
  2 dart slugs (D:1)
  30 orcs
  8 ball pythons
  5 bats
  10 endoplasms
  A giant cockroach (D:2)
  20 goblins
  17 hobgoblins
  9 jackals
  4 quokkas
  A frilled lizard (D:2)
  16 kobolds
  5 rats (D:2)
206 creatures vanquished.

Vanquished Creatures (collateral kills)
  3 foxfires (D:1)
3 creatures vanquished.

Vanquished Creatures (others)
  576 foxfires
576 creatures vanquished.

Grand Total: 785 creatures vanquished

Notes
Turn   | Place    | Note
-------+----------+-------------------------------------------
     0 | D:1      | funkygono the Demonspawn Fire Elementalist began the quest
                  | for the Orb.
     0 | D:1      | Reached XP level 1. HP: 13/13 MP: 3/3
   359 | D:1      | Gained mutation: You are partially covered in sharp spines.
                  | [demonic ancestry]
   359 | D:1      | Reached XP level 2. HP: 19/19 MP: 3/5
   362 | D:1      | Learned a level 2 spell: Scorch
   730 | D:1      | Gained mutation: Spells you cast may paralyse adjacent
                  | enemies. [demonic ancestry]
   730 | D:1      | Reached XP level 3. HP: 24/24 MP: 2/6
  1257 | D:1      | Learned a level 3 spell: Kindle Blastsparks
  1721 | D:2      | Found an iron altar of Okawaru.
  1863 | D:2      | Gained mutation: You have a pair of small horns on your
                  | head. [demonic ancestry]
  1863 | D:2      | Reached XP level 4. HP: 30/30 MP: 0/8
  2721 | D:3      | Noticed Sigmund
  2736 | D:3      | Killed Sigmund
  2737 | D:3      | Gained mutation: You are partially covered in yellow
                  | scales. (AC +2) [demonic ancestry]
  2737 | D:3      | Reached XP level 5. HP: 26/35 MP: 4/10
  2836 | D:3      | Found a runed translucent door.
  2837 | D:3      | Noticed Crazy Yiuf
  3078 | D:3      | Reached XP level 6. HP: 41/41 MP: 4/12
  3207 | D:3      | Noticed Ijyb
  3217 | D:3      | Killed Ijyb
  3547 | D:3      | Killed Crazy Yiuf
  3600 | D:3      | Learned a level 4 spell: Flame Wave
  3923 | D:4      | Found a shimmering blue altar of Sif Muna.
  3934 | D:4      | Became a worshipper of Sif Muna the Loreminder
  4373 | D:4      | Reached skill level 5 in Fire Magic
  4373 | D:4      | Gained mutation: You have a pair of horns on your head.
                  | [demonic ancestry]
  4373 | D:4      | Reached XP level 7. HP: 46/46 MP: 6/14
  4704 | D:4      | Found a snail-covered altar of Cheibriados.
  4750 | D:4      | Found an opulent altar of Gozag.
  5213 | D:5      | Entered Level 5 of the Dungeon
  5244 | D:5      | Noticed Pikel
  5246 | D:5      | Reached skill level 5 in Spellcasting
  5255 | D:5      | Killed Pikel
  5256 | D:5      | Gained mutation: Spells you cast may paralyse nearby
                  | enemies. [demonic ancestry]
  5256 | D:5      | Reached XP level 8. HP: 33/52 MP: 1/16
  5271 | D:5      | Reached * piety under Sif Muna
  5521 | D:5      | Noticed Blork the orc
  5527 | D:5      | Killed Blork the orc
  5711 | D:5      | Noticed Eustachio
  5726 | D:5      | Killed Eustachio
  5833 | D:5      | Reached skill level 1 in Long Blades
  6101 | D:6      | Reached skill level 5 in Conjurations
  6291 | D:6      | Found Ligavvua's Antique Armour Shoppe.
  6377 | D:6      | Gained mutation: You are mostly covered in yellow scales.
                  | (AC +3) [demonic ancestry]
  6377 | D:6      | Reached XP level 9. HP: 58/58 MP: 13/19
  6676 | D:6      | Found a staircase to the Ecumenical Temple.
  6676 | D:6      | Noticed Edmund
  6676 | D:6      | Noticed Prince Ribbit
  6686 | D:6      | Killed Prince Ribbit
  6690 | D:6      | Killed Edmund
  6982 | D:6      | Noticed Maggie
  6989 | D:6      | Killed Maggie
  7165 | D:6      | Bought a pair of gloves for 117 gold pieces
  7509 | D:7      | Reached ** piety under Sif Muna
  8630 | D:7      | Learned a level 2 spell: Searing Ray
  8634 | D:7      | Learned a level 3 spell: Stone Arrow
  8644 | D:8      | Found Womah's Distillery.
  8660 | D:8      | Gained mutation: Spells you cast and wands you use may
                  | paralyse nearby enemies. [demonic ancestry]
  8660 | D:8      | Reached XP level 10. HP: 50/64 MP: 7/22
  8687 | D:8      | Found a flagged portal.
  8762 | Bailey   | Entered a bailey
  9111 | Bailey   | Reached *** piety under Sif Muna
  9315 | Bailey   | Noticed an orc warlord
  9333 | Bailey   | Slain by an orc warlord

Illustrated notes

Levels and vault maps discovered:
D:1:      minmay_arrival_checkered_box, layout_loops_corners,
          serial_park_tiny_2, amcnicky_mini_corridor_feature
D:2:      layout_loops_ring, basic_altar
D:3:      layout_loops_ring, st_stairs_11, minmay_misc_feat_iff,
          supply_closet_lemuel, corexii_corridor_pit, uniq_sigmund,
          uniq_crazy_yiuf_cottage, uniq_ijyb
D:4:      layout_layer_cave, overflow_temple_1_default,
          mainiacjoe_overflow_chevrons, mainiacjoe_overflow_two_lobes,
          kennysheep_boxes
D:5:      layout_rooms, uniq_pikel, uniq_blork_the_orc, uniq_eustachio
D:6:      layout_loops_corners, minmay_temple_entry_sparse_star, serial_shops,
          nicolae_shop_hallway_stairs, uniq_edmund, uniq_prince_ribbit1,
          uniq_maggie
D:7:      layout_basic
D:8:      kennysheep_big_flooded_room, layout_cave_pools,
          mainiacjoe_overflow_cross_hatched, lemuel_crystal_altar, serial_shops,
          shop, enter_bailey_3, dilly_guarded_unrand_elemental_staff
Bailey:   bailey_axe_minmay_hex_keep, bailey

Skill      XL: |  1  2  3  4  5  6  7  8  9 10 |
---------------+-------------------------------+-----
Fire Magic     | 3 4 5 6 7 9 |  9.3
Spellcasting   | 3 4 5 7 8 9 |  9.1
Conjurations   | 2 4 5 |  5.6
Dodging        | 2 |  2.6
Long Blades    | 1 2 |  2.2
Fighting       | |  0.5
Stealth        | |  1.7
Translocations | |  0.1
Air Magic      | |  0.1
Invocations    | |  0.4

Action                     |  1- 3 |  4- 6 |  7- 9 | 10-12 || total
---------------------------+-------+-------+-------+-------++-------
  Melee: Long sword        |       |     2 |     6 |       ||     8
         Headbutt          |       |     1 |     3 |       ||     4
         Scimitar          |       |       |    11 |     5 ||    16
   Cast: Foxfire           |    70 |    85 |   120 |    49 ||   324
         Scorch            |     3 |    11 |    60 |    20 ||    94
         Flame Wave        |       |       |     3 |     4 ||     7
         Kindle Blastspark |       |       |     1 |       ||     1
         Stone Arrow       |       |       |       |     3 ||     3
 Invoke: Channel Magic     |       |       |       |     2 ||     2
    Use: Scroll            |       |    11 |     7 |       ||    18
   Stab: Paralysed         |       |       |     7 |       ||     7
 Armour: Robe              |       |     2 |     4 |     9 ||    15
  Dodge: Dodged            |     3 |     2 |    14 |    11 ||    30

Table legend: (Time is in decaauts)
 A = Elapsed time spent in this place.
 B = Non-inter-level travel time spent in this place.
 C = Inter-level travel time spent in this place.
 D = Time resting spent in this place.
 E = Time spent auto-exploring this place.
 F = Levels seen in this place.
 G = Mean time per level.
                   A        B        C        D        E       F      G
               +--------+--------+--------+--------+--------+-----+--------+
         Total |   9338 |   9223 |    115 |    194 |   7835 |   9 | 1037.6 |
       Dungeon |   8766 |   8651 |    115 |    101 |   7524 |   8 | 1095.8 |
        Bailey |    572 |    572 |      0 |     93 |    311 |   1 |  572.0 |
               +--------+--------+--------+--------+--------+-----+--------+

Top non-repeatable levels by time:
     D:4: 1546 daAuts
     D:1: 1442 daAuts
     D:6: 1338 daAuts
     D:7: 1252 daAuts
     D:3: 1218 daAuts
     D:2: 1004 daAuts
     D:5: 844 daAuts
  Bailey: 572 daAuts
     D:8: 119 daAuts
